 Dungeon Crawl Stone Soup version 0.24-a0-778-g74da537585 (webtiles) character file.

Game seed: 6782545112676031562, levelgen mode: deterministic

13971 Kohma the Severer (level 12, 0/105 HPs)
             Began as a Hill Orc Abyssal Knight on Oct 7, 2019.
             Was a Priest of Lugonu.
             Slain by an orc warrior
             ... wielding a +0 trident
              (5 damage)
             ... on level 1 of the Orcish Mines.
             The game lasted 00:41:42 (19070 turns).

Kohma the Severer (Hill Orc Abyssal Knight)        Turns: 19070, Time: 00:41:43

Health: 0/105      AC: 12    Str: 20    XL:     12   Next: 11%
Magic:  21/21      EV: 10    Int: 12    God:    Lugonu [***...]
Gold:   564        SH:  0    Dex: 10    Spells: 11/11 levels left

rFire    + . .     SeeInvis .   a - +3 battleaxe (elec)
rCold    + . .     Gourm    .   (shield currently unavailable)
rNeg     + . .     Faith    .   L - +3 scale mail {rN+}
rPois    .         Spirit   .   (no helmet)
rElec    .         Reflect  .   z - scarf {rC+ rF+}
rCorr    +         Harm     .   (no gloves)
MR       .....                  (no boots)
Stlth    ..........             (no amulet)
HPRegen  0.27/turn              s - +2 ring of protection
MPRegen  0.17/turn              l - ring of resist corrosion

@: no status effects
A: no striking features
a: Depart the Abyss, Bend Space, Banish, Renounce Religion


You were on level 1 of the Orcish Mines.
You worshipped Lugonu.
Lugonu was most pleased with you.
You were not hungry.

You visited 3 branches of the dungeon, and saw 15 of its levels.
You visited the Abyss 1 time.

You collected 773 gold pieces.
You spent 209 gold pieces at shops.

Inventory:

Hand Weapons
 a - a +3 battleaxe of electrocution (weapon)
 b - a +2 flail of protection
 J - a +0 hand axe of chopping
 P - a +1 war axe of flaming
Missiles
 i - 354 stones
 m - 38 sling bullets
 q - 12 silver boomerangs
 y - 5 javelins (quivered)
 F - 5 boomerangs
 H - a throwing net
 O - 28 poisoned darts
Armour
 z - a scarf of resistance (worn)
 C - a +2 robe of magic resistance
 E - a +0 cloak
 L - a +3 scale mail of positive energy (worn)
Jewellery
 l - a ring of resist corrosion (right hand)
 s - a +2 ring of protection (left hand)
 v - an uncursed ring of ice
Wands
 d - a wand of random effects (30)
 o - a wand of enslavement (9)
 I - a wand of paralysis (8)
 M - a wand of scattershot (5)
Scrolls
 e - 2 scrolls of fear
 g - 2 scrolls of blinking
 h - 5 scrolls of teleportation
 k - 3 scrolls of enchant armour
 p - a scroll of silence {unknown}
 u - 4 scrolls of remove curse
 G - 3 scrolls of identify
 K - a scroll of amnesia
Potions
 f - 2 potions of heal wounds
 j - a potion of mutation {unknown}
 n - 4 potions of curing
 r - 5 potions of lignification
 t - 2 potions of agility
 w - 4 potions of magic
 x - 2 potions of might
 A - a potion of flight {unknown}
 B - 2 potions of brilliance
 D - 2 potions of haste
Comestibles
 c - 17 rations
 N - 2 chunks of flesh


   Skills:
 + Level 9.5 Fighting
 * Level 17.0 Axes
 - Level 6.0 Armour
 - Level 0.7 Dodging
 - Level 12.8 Invocations


You had 11 spell levels left.
You didn't know any spells.
Your spell library contained the following spells:

 Spells                   Type           Power        Failure   Level  Hunger
 Confusing Touch          Hex            #.....       65%         1    ##.....
 Confuse                  Hex            #.......     95%         3    ####...
 Gell's Gravitas          Tloc           #.........   95%         3    ####...
 Petrify                  Tmut/Erth      #.......     100%        4    #####..
 Bolt of Magma            Conj/Fire/Erth #.........   100%        5    ######.
 Iskenderun's Battlesphe  Conj/Chrm      #.......     100%        5    ######.
 Metabolic Englaciation   Hex/Ice        #.........   100%        5    ######.
 Venom Bolt               Conj/Pois      #.........   100%        5    ######.
 Yara's Violent Unravell  Hex/Tmut       #.........   100%        5    ######.
 Iron Shot                Conj/Erth      #.........   100%        6    #######
 Orb of Destruction       Conj           #.........   100%        7    #######
 Spellforged Servitor     Conj/Summ      #.........   100%        7    #######


Dungeon Overview and Level Annotations

Branches:
Dungeon (12/15)            Temple (1/1) D:5            Lair (0/6) D:11
    Orc (2/2) D:10            Elf (0/3) Orc:2

Altars:
Ashenzari
Cheibriados
Dithmenos
Elyvilon
Fedhas
Gozag
Hepliaklqana
Kikubaaqudgha
Makhleb
Nemelex Xobeh
Okawaru
Qazlal
Ru
Sif Muna
Trog
Uskayaw
Vehumet
Wu Jian
Xom
Yredelemnul
Zin
The Shining One

Shops:
D:8 (

Annotations:
D:7 Maurice
D:9 2 runed translucent doors
Abyss:1 Erolcha, Snorg


Message History

The orc warrior closely misses you.
Unknown command.
You slash the orc sorcerer!
Lightning courses through the orc sorcerer!!
You kill the orc sorcerer!
Lugonu accepts your kill.
The ice devil disappears in a puff of smoke!
The orc warrior hits you from afar with a +0 trident!
* * * LOW HITPOINT WARNING * * *
The orc warrior barely misses you.
Items here: )) [[ ÷ † You slash the orc warrior!
Lightning courses through the orc warrior!!
You kill the orc warrior!
Lugonu accepts your kill.
Your Axes skill increases to level 17!
The orc warrior hits you from afar with a +0 trident.
* * * LOW HITPOINT WARNING * * *
The orc warrior hits you from afar with a +0 trident.
You die...

.........#
.........## .
..........####..
..............$.
................
#.............#.
#.....†[#......
#....))@)......
.......[).......
......o..$......
..........#.....
#.$..........#..
#...............
................
........#......#


You could see an orc warrior.

Vanquished Creatures
  A centaur warrior (D:9)
  A two-headed ogre (D:11)
  An orc sorcerer (Orc:1)
  A cyclops (D:10)
  2 deep elf magi
  2 centaur skeletons (D:10)
  A meliai (D:8)
  A troll (Orc:1)
  A hornet (D:11)
  4 hippogriffs
  A wyvern (D:11)
  9 yaks
  A hungry ghost (D:9)
  An acid dragon (D:8)
  A porcupine (D:11)
  14 orc warriors
  4 ice beasts
  2 black bears
  A sky beast (D:6)
  2 ogres
  A crocodile (D:11)
  4 centaurs
  3 big kobolds
  5 bullfrogs
  A wyvern zombie (D:11)
  A water moccasin zombie (D:8)
  2 water moccasin skeletons (D:6)
  A scorpion (D:4)
  3 wights
  4 howler monkeys
  2 crimson imps
  2 bullfrog zombies
  2 jellies
  3 hounds
  4 orc priests
  15 orc wizards
  Crazy Yiuf (D:7)
  Natasha (thrice) (D:2)
  2 bullfrog skeletons
  A gnoll shaman (D:4)
  Jessica (D:6)
  An iguana (D:9)
  8 worker ants
  2 killer bee zombies
  A hound zombie (D:8)
  3 gnolls
  11 adders
  2 shadow imps
  An ooze (D:2)
  3 dart slugs
  6 leopard geckos
  56 orcs
  4 ball pythons
  4 bats
  4 giant cockroaches
  4 goblins
  6 hobgoblins
  13 jackals
  4 quokkas
  3 frilled lizards
  A jackal skeleton (D:8)
  A jackal zombie (D:7)
  16 kobolds
  2 quokka skeletons
  9 rats
  3 fungi (D:11)
  5 plants (D:11)
285 creatures vanquished.

Vanquished Creatures (others)
  A two-headed ogre (D:8)
  An orc knight (Orc:2)
  A cyclops (D:11)
  A troll (D:9)
  A shadow (D:7)
  4 orc warriors
  An ogre (D:4)
  A scorpion (D:7)
  An orc wizard (D:10)
12 creatures vanquished.

Grand Total: 297 creatures vanquished

Notes
Turn   | Place    | Note
-------+----------+-------------------------------------------
     0 | Abyss:1  | Kohma the Hill Orc Abyssal Knight began the quest for the
                  | Orb.
     0 | Abyss:1  | Reached XP level 1. HP: 19/19 MP: 2/2
    45 | Abyss:1  | Noticed an ancient zyme
    57 | D:1      | Escaped the Abyss
   320 | D:1      | Reached skill level 3 in Axes
   365 | D:1      | Reached XP level 2. HP: 24/26 MP: 4/4
   816 | D:1      | Reached XP level 3. HP: 30/31 MP: 5/5
   876 | D:1      | Reached ** piety under Lugonu
  1260 | D:2      | Found a faded altar of an unknown god.
  1262 | D:2      | Reached skill level 4 in Axes
  1652 | D:2      | Noticed Natasha
  1671 | D:2      | Killed Natasha
  1671 | D:2      | Reached XP level 4. HP: 9/39 MP: 6/6
  2147 | D:2      | Noticed Natasha
  2164 | D:2      | Killed Natasha
  2164 | D:2      | Reached skill level 5 in Axes
  2174 | D:2      | Reached XP level 5. HP: 23/45 MP: 7/7
  2373 | D:2      | You fall into a shaft and drop 1 floor!
  2417 | D:3      | Found a sparkling altar of Nemelex Xobeh.
  2609 | D:2      | Noticed Natasha
  2627 | D:2      | Killed Natasha
  4533 | D:4      | Reached skill level 6 in Axes
  4533 | D:4      | Reached XP level 6. HP: 31/51 MP: 9/9
  4837 | D:4      | Found a glowing golden altar of the Shining One.
  5227 | D:5      | Entered Level 5 of the Dungeon
  5464 | D:5      | Reached *** piety under Lugonu
  5582 | D:5      | Found a staircase to the Ecumenical Temple.
  5611 | D:5      | Reached skill level 5 in Invocations
  5628 | D:5      | Reached skill level 7 in Axes
  5628 | D:5      | Reached XP level 7. HP: 56/57 MP: 10/10
  6326 | D:5      | Reached skill level 8 in Axes
  6454 | Temple   | Entered the Ecumenical Temple
  6646 | D:6      | Reached skill level 5 in Armour
  6834 | D:6      | Reached XP level 8. HP: 55/64 MP: 12/12
  6941 | D:6      | Found an opulent altar of Gozag.
  7181 | D:6      | Reached skill level 9 in Axes
  7604 | D:6      | Noticed Jessica
  7631 | D:6      | Killed Jessica
  7640 | D:6      | Found a shimmering blue altar of Sif Muna.
  8276 | D:7      | Found a runed translucent door.
  8277 | D:7      | Noticed Crazy Yiuf
  8337 | D:7      | Reached skill level 10 in Axes
  8747 | D:7      | Reached **** piety under Lugonu
  8750 | D:7      | Reached XP level 9. HP: 70/70 MP: 14/14
  9033 | D:7      | Killed Crazy Yiuf
  9033 | D:7      | Reached skill level 11 in Axes
  9802 | D:8      | Noticed a two-headed ogre
  9802 | D:8      | Noticed Maurice
  9817 | D:8      | Banished a two-headed ogre
  9817 | D:8      | Reached skill level 12 in Axes
  9841 | D:8      | HP: 3/70 [something (2)]
 10318 | D:8      | You fall into a shaft and drop 3 floors!
 10318 | D:11     | Noticed a cyclops
 10321 | D:11     | Banished a cyclops
 10321 | D:11     | Reached skill level 10 in Invocations
 10322 | D:11     | Noticed a two-headed ogre
 10328 | D:10     | Entered Level 10 of the Dungeon
 10438 | D:10     | Noticed a sea snake
 10560 | D:10     | Reached XP level 10. HP: 45/77 MP: 18/18
 10783 | D:10     | Noticed a sea snake
 10814 | D:10     | Noticed a sea snake
 11172 | D:9      | Noticed Erolcha
 11174 | D:9      | Banished Erolcha
 11204 | D:9      | Reached skill level 13 in Axes
 11637 | D:8      | Found a shadowy altar of Dithmenos.
 11639 | D:8      | Found a hazy altar of Hepliaklqana.
 11678 | D:8      | Found Qemyeren's Antique Weapon Shoppe.
 11687 | D:8      | Bought a glowing battleaxe for 209 gold pieces
 11790 | D:8      | Reached skill level 5 in Fighting
 13475 | D:8      | Noticed a deep elf mage
 13496 | D:8      | Killed a deep elf mage
 13887 | D:9      | Noticed a deep elf mage
 13888 | D:9      | Noticed a centaur warrior
 13888 | D:9      | Found a large runed translucent door.
 13897 | D:9      | Killed a centaur warrior
 13897 | D:9      | Reached skill level 14 in Axes
 13901 | D:9      | Killed a deep elf mage
 13901 | D:9      | Reached XP level 11. HP: 28/91 MP: 20/20
 13909 | D:9      | Found a large runed translucent door.
 14743 | D:9      | Noticed a fire dragon
 14745 | D:9      | Noticed a deep elf knight
 14875 | D:10     | Noticed Snorg
 14886 | D:10     | Banished Snorg
 15187 | D:10     | Reached skill level 15 in Axes
 15527 | D:10     | Found a staircase to the Orcish Mines.
 15534 | D:10     | Noticed a cyclops
 15547 | D:10     | Killed a cyclops
 15886 | D:10     | Noticed a sea snake
 16184 | Orc:1    | Entered Level 1 of the Orcish Mines
 16680 | Orc:2    | Entered Level 2 of the Orcish Mines
 16793 | Orc:2    | Found a staircase to the Elven Halls.
 16815 | Orc:2    | Noticed an orc knight
 16842 | Orc:2    | Banished an orc knight
 17249 | D:11     | Reached skill level 16 in Axes
 17279 | D:11     | Paralysed by a hornet for 3 turns
 17512 | D:11     | Found a staircase to the Lair.
 17588 | D:11     | Killed a two-headed ogre
 18067 | D:11     | Reached XP level 12. HP: 97/104 MP: 21/21
 19069 | Orc:1    | Reached skill level 17 in Axes
 19069 | Orc:1    | HP: 4/105 [orc warrior/+0 trident (3)]
 19070 | Orc:1    | Slain by an orc warrior

Levels and vault maps discovered:
D:1:      giann_wishing_wells, layout_basic, minmay_quantized
D:2:      layout_basic, chequers_ecumenical_altar_simple_redux, uniq_natasha
D:3:      layout_basic, nemelex_xobeh_ov_fountains_minmay, first_ration
D:4:      layout_basic, tso_oasis_becter, fountainhead
D:5:      layout_gridville, minmay_temple_entry_waves
D:6:      layout_loops_ring, lemuel_doored_altar, tgw_sif,
          chequers_serial_rivers_marsh
D:7:      layout_basic, grunt_ogre_cave, grunt_ministairs_3,
          uniq_crazy_yiuf_cottage
D:8:      cheibrodos_elevator_heist, layout_rooms,
          gammafunk_temple_overflow_statue, serial_shops,
          nicolae_shop_competitors_out_of_business, minivault_25,
          hangedman_minor_gate_pass, uniq_maurice
D:9:      layout_long_grid, jmf_multi_god_temple2, uniq_erolcha
D:10:     layout_basic, erik_orc_4, serial_aquarium, aquarium_bridge_long_joined
          [aquarium_subvault_bridge, aquarium_subvault_wall,
          aquarium_subvault_bridge, aquarium_subvault_balcony,
          aquarium_subvault_bridge, aquarium_subvault_wall],
          aquarium_bridge_square [aquarium_subvault_bridge,
          aquarium_subvault_balcony, aquarium_subvault_bridge,
          aquarium_subvault_wall], aquarium_window_2, aquarium_window_2,
          aquarium_view_2e, aquarium_pool_side, chequers_serial_rivers_small_b,
          uniq_snorg
D:11:     layout_cross, grunt_lair_entry_orc_guard_hut
D:12:     lemuel_bear_cage, layout_irregular_city, uniq_urug
Temple:   regret_index_temple_sphere_string
Orc:1:    layout_caves
Orc:2:    kennysheep_orc_mage_school, layout_diamond_mine,
          gauntlet_entry_generic

Skill      XL: |  1  2  3  4  5  6  7  8  9 10 11 12 |
---------------+-------------------------------------+-----
Axes           | 3 4 5 6 7 8 10 12 14 16 17 | 17.0
Invocations    | 3 4 5 6 7 11 12 | 12.8
Armour         | 3 4 5 6 |  6.0
Fighting       | 6 9 |  9.5
Dodging        | |  0.7

Action                   |  1- 3 |  4- 6 |  7- 9 | 10-12 || total
-------------------------+-------+-------+-------+-------++-------
Melee: Hand axe          |    98 |     2 |       |    72 ||   172
       Mace              |       |   253 |       |       ||   253
       Flail             |       |       |   489 |    37 ||   526
       Battleaxe         |       |       |       |   331 ||   331
Throw: Stone             |     2 |     2 |       |       ||     4
       Javelin           |       |     7 |    11 |     3 ||    21
Invok: Banish            |       |       |    13 |     8 ||    21
Evoke: Wand              |       |       |       |     1 ||     1
  Use: Potion            |       |     1 |     3 |       ||     4
       Scroll            |       |    12 |     9 |     3 ||    24
  Eat: Chunk             |     2 |    10 |    16 |    19 ||    47
       Ration            |       |     1 |     1 |     4 ||     6
Armor: Leather armour    |     8 |   149 |    81 |       ||   238
       Ring mail         |    23 |     1 |       |       ||    24
       Chain mail        |       |       |   329 |   113 ||   442
       Scale mail        |       |       |       |   139 ||   139
Dodge: Dodged            |    70 |   179 |   249 |   179 ||   677

Table legend:
 A = Non-vault XP
 B = Vault XP
 C = Vault XP percentage of total XP
 D = Non-vault monster count
 E = Vault monster count
 F = Vault count percentage of total count
                 A         B        C        D         E       F
            +---------+---------+-------+---------+---------+-------
      Total |   13759 |    6200 |  31.1 |     243 |      48 |  16.5
            +---------+---------+-------+---------+---------+-------
        D:1 |      44 |       6 |  12.0 |      22 |       3 |  12.0
        D:2 |     139 |      39 |  21.9 |      16 |       1 |   5.9
        D:3 |      35 |       0 |   0.0 |      14 |       0 |   0.0
        D:4 |     458 |       0 |   0.0 |      18 |       0 |   0.0
        D:5 |     278 |       0 |   0.0 |      15 |       0 |   0.0
        D:6 |     656 |      37 |   5.3 |      20 |       1 |   4.8
        D:7 |     712 |     385 |  35.1 |      15 |       5 |  25.0
        D:8 |     632 |    1923 |  75.3 |      18 |      13 |  41.9
        D:9 |     867 |    2091 |  70.7 |      10 |       5 |  33.3
       D:10 |    4378 |    1211 |  21.7 |      46 |      16 |  25.8
       D:11 |    2995 |     508 |  14.5 |      16 |       4 |  20.0
      Orc:1 |    1578 |       0 |   0.0 |      16 |       0 |   0.0
      Orc:2 |     987 |       0 |   0.0 |      17 |       0 |   0.0
            +---------+---------+-------+---------+---------+-------
